 Dungeon Crawl Stone Soup version 0.30-a0-1157-g2cc9ac7196 (webtiles) character file.

Game seed: 12420813104423917118

323 voltaire321 the Sneak (level 6, -1/35 HPs)
             Began as a Kobold Enchanter on Apr 24, 2023.
             Slain by Duvessa
             ... wielding a +0 short sword
              (6 damage)
             ... on level 4 of the Dungeon.
             The game lasted 00:05:36 (2992 turns).

voltaire321 the Sneak (Kobold Enchanter)            Turns: 2992, Time: 00:05:36

Health: -1/35      AC:  3    Str:  8    XL:     6   Next: 77%
Magic:  7/10       EV: 15    Int: 16    God:
Gold:   144        SH:  0    Dex: 15    Spells: 8/10 levels left

rFire   . . .        r - +1 short sword (flame)
rCold   . . .        (no shield)
rNeg    . . .        b - +0 robe
rPois   .            (no helmet)
rElec   .            (no cloak)
rCorr   .            (no gloves)
SInv    .            k - +0 pair of boots
Will    .....        (no amulet)
Stlth   ++++         (no ring)
HPRegen 0.25/turn    (no ring)
MPRegen 0.12/turn

%: no passive effects
@: invisible
A: small, no large weapons, nightstalker 3
a: no special abilities


You were on level 4 of the Dungeon.
You visited 1 branch of the dungeon, and saw 4 of its levels.

You collected 144 gold pieces.

Inventory:

Hand Weapons
 a - a +1 dagger
 r - a +1 short sword of flaming (weapon)
Armour
 b - a +0 robe (worn)
 k - a +0 pair of boots (worn)
Magical Staves
 d - a staff of cold
Jewellery
 j - a +4 ring of protection
Scrolls
 h - 2 scrolls of identify {unknown}
 m - a scroll of blinking {unknown}
 o - a scroll of immolation {unknown}
Potions
 c - a potion of invisibility
 e - 3 potions of flight {unknown}
 f - a potion of berserk rage {unknown}
 g - a potion of heal wounds {unknown}
 i - 2 potions of curing {unknown}
 l - a potion of ambrosia {unknown}
 n - 2 potions of haste {unknown}
 p - a potion of brilliance {unknown}
 q - a potion of magic {unknown}


   Skills:
 + Level 1.9 Fighting
 + Level 2.9 Short Blades
 + Level 1.3 Armour
 + Level 3.5 Dodging
 * Level 6.0 Stealth
 + Level 2.9 Spellcasting
 + Level 3.6 Hexes
 + Level 1.6 Ice Magic


You had 8 spell levels left.
You knew the following spells:

 Your Spells              Type           Power      Damage    Failure   Level
a - Ensorcelled Hibernat  Hex/Ice        20%        N/A       10%         2

Your spell library contained the following spells:

 Spells                   Type           Power      Damage    Failure   Level
 Freeze                   Ice            28%        1d5       10%         1
 Confusing Touch          Hex            14%        N/A       13%         3
 Tukima's Dance           Hex            14%        N/A       13%         3
 Summon Small Mammal      Summ           8%         N/A       19%         1
 Dazzling Flash           Conj/Hex       16%        N/A       26%         3
 Inner Flame              Hex/Fire       8%         N/A       26%         3
 Summon Guardian Golem    Hex/Summ       8%         N/A       26%         3
 Frozen Ramparts          Ice            14%        1d3       28%         3
 Hailstorm                Conj/Ice       5%         3d4       38%         3
 Call Canine Familiar     Summ           2%         N/A       50%         3
 Ignite Poison            Fire/Tmut/Pois 2%         N/A       50%         3
 Ice Form                 Ice/Tmut       5%         N/A       80%         4
 Flame Wave               Conj/Fire      2%         2d4       88%         4
 Sticky Flame             Conj/Fire      2%         2d3       88%         4
 Simulacrum               Ice/Necr       2%         N/A       100%        6
 Ignition                 Fire           1%         3d3       100%        8


Dungeon Overview and Level Annotations

Branches:
Dungeon (4/15)
 Temple: D:4-7

Altars:
Kikubaaqudgha
The Shining One

Annotations:
D:4 Dowan, Duvessa


Innate Abilities, Weirdness & Mutations

You are small and have problems with some larger weapons.
You are completely attuned to the shadows.


Message History

Dowan attacks as you move away! Dowan completely misses you.
Dowan points at you and mumbles some strange words.
The puff of frost hits you!
There is an open door here.
You hit Duvessa. You burn Duvessa.
Duvessa is severely wounded.
You hit Duvessa. You burn Duvessa.
Duvessa is severely wounded.
Duvessa hits you with a +0 short sword!
Dowan casts a spell at Duvessa.
Duvessa seems to speed up.
You hit Duvessa. You burn Duvessa.
Duvessa is almost dead.
Duvessa says, "Where magic fails, the sword succeeds!"
You hit Duvessa but do no damage. You punch Duvessa, but do no damage.
Duvessa is almost dead.
Duvessa barely misses you. Dowan hits you but does no damage.
Duvessa hits you with a +0 short sword.
You hit Duvessa but do no damage. You punch Duvessa, but do no damage.
Duvessa is almost dead.
Duvessa misses you. Dowan hits you with a +0 dagger.
You completely miss Duvessa.
Duvessa is almost dead.
Duvessa hits you with a +0 short sword. Dowan hits you with a +0 dagger.
* * * LOW HITPOINT WARNING * * *
You fade into invisibility!
Duvessa closely misses you. Duvessa barely misses you.
Dowan points at you and mumbles some strange words.
The puff of flame misses you.
You hit Duvessa. You burn Duvessa.
Duvessa is almost dead.
Dowan misses you.
You hit Dowan. You burn Dowan.
Dowan is lightly wounded.
You hit Duvessa but do no damage.
Duvessa is almost dead.
Duvessa hits you with a +0 short sword.
* * * LOW HITPOINT WARNING * * *
Duvessa hits you with a +0 short sword.
You die...

.....# .....+
.....# .....#
.....#
.....#######
.....##....#
......#....#
......'@...#
.....e#e...#
......#....#
....####'####
... #.)...#
#.....#
#.....#
#.....#
#.....#


You could see Duvessa (fast, unable to see you) and Dowan (unable to see you).

Vanquished Creatures
  A hound (D:4)
  2 jellies (D:3)
  Jessica (D:2)
  Natasha (thrice) (D:2)
  An orc wizard (D:3)
  2 adders (D:2)
  A worm (D:2)
  2 dart slugs
  8 orcs (D:3)
  7 ball pythons
  14 endoplasms
  2 giant cockroaches
  6 goblins
  5 hobgoblins
  2 quokkas
  6 bats
  3 frilled lizards
  7 kobolds
  5 rats
78 creatures vanquished.

Vanquished Creatures (others)
  12 toadstools (D:3)
12 creatures vanquished.

Grand Total: 90 creatures vanquished

Notes
Turn   | Place    | Note
-------+----------+-------------------------------------------
     0 | D:1      | voltaire321 the Kobold Enchanter began the quest for the
                  | Orb.
     0 | D:1      | Reached XP level 1. HP: 10/10 MP: 3/3
   237 | D:1      | Reached XP level 2. HP: 15/15 MP: 5/5
   611 | D:1      | Learned a level 2 spell: Ensorcelled Hibernation
  1216 | D:1      | Reached XP level 3. HP: 20/20 MP: 6/6
  1385 | D:2      | Noticed Natasha
  1389 | D:2      | Killed Natasha
  1390 | D:2      | Reached skill level 1 in Fighting
  1390 | D:2      | Reached XP level 4. HP: 21/25 MP: 4/7
  1509 | D:2      | Reached skill level 5 in Stealth
  1606 | D:2      | Noticed Jessica
  1610 | D:2      | Killed Jessica
  1611 | D:2      | Reached XP level 5. HP: 29/29 MP: 8/8
  1627 | D:2      | Noticed Natasha
  1633 | D:2      | Killed Natasha
  1634 | D:2      | Reached skill level 1 in Ice Magic
  1730 | D:2      | Found a glowing golden altar of the Shining One.
  1758 | D:2      | Reached skill level 1 in Armour
  1828 | D:2      | Noticed Natasha
  1836 | D:2      | Killed Natasha
  2380 | D:3      | Reached XP level 6. HP: 34/34 MP: 10/10
  2799 | D:3      | Found an ancient bone altar of Kikubaaqudgha.
  2940 | D:4      | Reached skill level 6 in Stealth
  2972 | D:4      | Noticed Duvessa
  2976 | D:4      | Noticed Dowan
  2992 | D:4      | Slain by Duvessa

Illustrated notes

Levels and vault maps discovered:
D:1:      arrival_zaba_pyramid, layout_basic
D:2:      layout_rooms, basic_altar, minmay_domino_4, uniq_natasha, uniq_jessica
D:3:      cheibrodos_fertilizer, layout_loops_cross, kiku_gazebo_pond_becter
D:4:      layout_gridville, minmay_temple_entry_statues_pillars, uniq_duvessa

Skill      XL: |  1  2  3  4  5  6 |
---------------+-------------------+-----
Fighting       | 1 |  1.9
Short Blades   | 2 |  2.9
Stealth        | 5 6 |  6.0
Dodging        | 3 |  3.5
Ice Magic      | 1 |  1.6
Armour         | 1 |  1.3
Spellcasting   | |  2.9
Hexes          | |  3.6

Action                     |  1- 3 |  4- 6 || total
---------------------------+-------+-------++-------
  Melee: Dagger            |    44 |    81 ||   125
         Short sword       |       |    49 ||    49
         Punch             |       |     2 ||     2
   Cast: Ensorcelled Hiber |     4 |    15 ||    19
    Use: Potion            |       |     1 ||     1
   Stab: Sleeping          |    19 |    31 ||    50
         Distracted        |       |     4 ||     4
 Armour: Robe              |     6 |    18 ||    24
  Dodge: Dodged            |    28 |    75 ||   103

Table legend: (Time is in decaauts)
 A = Elapsed time spent in this place.
 B = Non-inter-level travel time spent in this place.
 C = Inter-level travel time spent in this place.
 D = Time resting spent in this place.
 E = Time spent auto-exploring this place.
 F = Levels seen in this place.
 G = Mean time per level.
                   A        B        C        D        E       F      G
               +--------+--------+--------+--------+--------+-----+--------+
         Total |   2972 |   2907 |     65 |    304 |   2060 |   4 |  743.0 |
       Dungeon |   2972 |   2907 |     65 |    304 |   2060 |   4 |  743.0 |
               +--------+--------+--------+--------+--------+-----+--------+

Top non-repeatable levels by time:
     D:1: 1238 daAuts
     D:3: 987 daAuts
     D:2: 678 daAuts
     D:4: 68 daAuts
